 Dungeon Crawl Stone Soup version 0.28.0-43-g3370ac3207 (webtiles) character file.

Game seed: 11543128729824044953

149 jimonade the Basher (level 5, -1/37 HPs)
             Began as a Gnoll Wanderer on Mar 19, 2022.
             Succumbed to a scorpion's poison
             ... on level 4 of the Dungeon.
             The game lasted 00:07:05 (3394 turns).

jimonade the Basher (Gnoll Wanderer)                Turns: 3394, Time: 00:07:05

Health: -1/37      AC: 13    Str: 14    XL:     5   Next: 31%
Magic:  9/9        EV:  4    Int: 13    God:
Gold:   55         SH:  0    Dex:  9    Spells: 9/10 levels left

rFire   . . .      SeeInvis .   a - +2 mace
rCold   . . .      Faith    .   (no shield)
rNeg    . . .      Spirit   .   f - +0 plate armour
rPois   .          Reflect  .   m - +0 helmet
rElec   .          Harm     .   (no cloak)
rCorr   .          Rampage  .   i - +0 pair of gloves
Will    .....                   (no boots)
Stlth   ..........              (no amulet)
HPRegen 0.12/turn               (no ring)
MPRegen 0.11/turn               (no ring)

@: lethally poisoned (-1 -> -7)
A: fangs 1, strong nose, distributed training
a: no special abilities


You were on level 4 of the Dungeon.
You visited 1 branch of the dungeon, and saw 4 of its levels.

You collected 55 gold pieces.

Inventory:

Hand Weapons
 a - a +2 mace (weapon)
Missiles
 c - 96 stones
 h - 27 arrows
Armour
 d - a +0 robe
 f - a +0 plate armour (worn)
 i - a +0 pair of gloves (worn)
 m - a +0 helmet (worn)
 s - a +0 scale mail
Jewellery
 r - a ring of see invisible
Wands
 b - a wand of polymorph (3)
 o - a wand of flame (16)
Scrolls
 e - 2 scrolls of blinking {unknown}
 g - 2 scrolls of identify {unknown}
 l - a scroll of magic mapping {unknown}
 n - a scroll of fog {unknown}
 p - a scroll of vulnerability {unknown}
 q - a scroll of fear {unknown}
 t - 2 scrolls of enchant armour {unknown}
Potions
 j - a potion of haste {unknown}
 k - a potion of brilliance {unknown}


   Skills:
 + Level 1.4 Fighting
 + Level 1.4 Short Blades
 + Level 1.4 Long Blades
 + Level 1.4 Axes
 + Level 8.6 Maces & Flails
 + Level 1.4 Polearms
 + Level 1.4 Staves
 + Level 1.4 Slings
 + Level 1.4 Bows
 + Level 1.4 Crossbows
 + Level 2.9 Throwing
 + Level 2.9 Armour
 + Level 1.4 Dodging
 + Level 1.4 Stealth
 + Level 1.4 Shields
 + Level 1.4 Unarmed Combat
 + Level 3.1 Spellcasting
 + Level 1.1 Conjurations
 + Level 1.1 Hexes
 + Level 1.1 Summonings
 + Level 1.1 Necromancy
 + Level 1.1 Translocations
 + Level 1.1 Transmutations
 + Level 1.1 Fire Magic
 + Level 1.1 Ice Magic
 + Level 1.1 Air Magic
 + Level 2.3 Earth Magic
 + Level 1.1 Poison Magic
 + Level 1.6 Invocations
 + Level 4.7 Evocations


You had 9 spell levels left.
You knew the following spells:

 Your Spells              Type           Power      Damage    Failure   Level
a - Sandblast             Erth           16%        2d6       100%        1

Your spell library contained the following spells:

 Spells                   Type           Power      Damage    Failure   Level
 Stone Arrow              Conj/Erth      12%        3d7       100%        3


Dungeon Overview and Level Annotations

Branches:
Dungeon (4/15)
 Temple: D:4-7

Altars:

Annotations:
D:4 Grinder


Innate Abilities, Weirdness & Mutations

You have very sharp teeth.
Your uncanny sense of smell can sniff out nearby items.
Your experience applies equally to all skills.


Message History

Level annotation: Grinder
There is a stone staircase leading up, spattered with blood here.
Grinder gestures at you. Pain shoots through your body!
You closely miss Grinder.
Grinder is moderately wounded.
Grinder says, "You look like you could use a good racking."
Grinder hits you but does no damage.
You barely miss Grinder. Your punch misses Grinder.
Grinder is moderately wounded.
Grinder says, "Are you a fish?" Grinder hits you.
You writhe in agony.
You closely miss Grinder.
Grinder is moderately wounded.
Grinder blinks!
Grinder hits you!
* * * LOW HITPOINT WARNING * * *
You writhe in agony.
* * * LOW HITPOINT WARNING * * *
You hit Grinder.
Grinder is moderately wounded.
Grinder hits you but does no damage.
You barely miss Grinder.
Grinder is moderately wounded.
A scorpion comes into view.
Grinder blinks!
Found a plate armour.
The scorpion stings you but does no damage. x2
You hit the scorpion.
You punch the scorpion, but do no damage.
The scorpion is lightly wounded.
Grinder says, "Are you a fish?" Grinder hits you but does no damage.
The scorpion stings you.
* * * LOW HITPOINT WARNING * * *
You are lethally poisoned!
The scorpion poisons you!
* * * LOW HITPOINT WARNING * * *
You feel sick. The scorpion stings you.
* * * LOW HITPOINT WARNING * * *
You die...

....#.. #....?
#.... ##... ...
#.###+# #.#<#.#
.. #..
#..[..#..#
#...##..@.....#
#.......s####.#
+.......5.....#.
####...#........
......#........
.......#........
.......#........
.......#........
............#...


You could see Grinder and a scorpion.

Vanquished Creatures
  A jelly (D:4)
  Robin (D:2)
  3 adders
  An ufetubus (D:3)
  A worm (D:3)
  A dart slug (D:2)
  An orc (D:4)
  8 ball pythons
  10 bats
  4 endoplasms
  2 giant cockroaches (D:1)
  7 goblins
  8 hobgoblins
  6 jackals
  2 quokkas (D:3)
  2 frilled lizards
  5 kobolds
  A rat (D:1)
64 creatures vanquished.

Vanquished Creatures (others)
  8 plants (D:3)
8 creatures vanquished.

Grand Total: 72 creatures vanquished

Notes
Turn   | Place    | Note
-------+----------+-------------------------------------------
     0 | D:1      | jimonade the Gnoll Wanderer began the quest for the Orb.
     0 | D:1      | jimonade set off with the following items: a +2 mace, a
                  | wand of polymorph (3), 31 stones, a +0 robe; and the
                  | following spell memorised: Sandblast; and the following
                  | spells available to memorise: Stone Arrow
     0 | D:1      | Reached XP level 1. HP: 13/13 MP: 4/4
   247 | D:1      | Reached XP level 2. HP: 17/19 MP: 5/5
   829 | D:1      | Reached XP level 3. HP: 24/25 MP: 7/7
  1170 | D:2      | Reached skill level 1 in Invocations
  1189 | D:2      | Noticed Robin
  1249 | D:2      | Killed Robin
  1250 | D:2      | Reached skill level 1 in Fighting
  1250 | D:2      | Reached skill level 1 in Short Blades
  1250 | D:2      | Reached skill level 1 in Long Blades
  1250 | D:2      | Reached skill level 1 in Axes
  1250 | D:2      | Reached skill level 1 in Polearms
  1250 | D:2      | Reached skill level 1 in Staves
  1250 | D:2      | Reached skill level 1 in Slings
  1250 | D:2      | Reached skill level 1 in Bows
  1250 | D:2      | Reached skill level 1 in Crossbows
  1250 | D:2      | Reached skill level 1 in Dodging
  1250 | D:2      | Reached skill level 1 in Stealth
  1250 | D:2      | Reached skill level 1 in Shields
  1250 | D:2      | Reached skill level 1 in Unarmed Combat
  1250 | D:2      | Reached XP level 4. HP: 28/32 MP: 8/8
  1481 | D:2      | Found a faded altar of an unknown god.
  2326 | D:3      | Reached skill level 1 in Conjurations
  2326 | D:3      | Reached skill level 1 in Hexes
  2326 | D:3      | Reached skill level 1 in Summonings
  2326 | D:3      | Reached skill level 1 in Necromancy
  2326 | D:3      | Reached skill level 1 in Translocations
  2326 | D:3      | Reached skill level 1 in Transmutations
  2326 | D:3      | Reached skill level 1 in Fire Magic
  2326 | D:3      | Reached skill level 1 in Ice Magic
  2326 | D:3      | Reached skill level 1 in Air Magic
  2326 | D:3      | Reached skill level 1 in Poison Magic
  2834 | D:4      | Noticed Grinder
  2836 | D:4      | Reached XP level 5. HP: 37/37 MP: 9/9
  2854 | D:4      | Paralysed by Grinder for 6 turns
  3393 | D:4      | HP: 1/37 [scorpion (2)]
  3394 | D:4      | Succumbed to a scorpion's poison

Illustrated notes

Levels and vault maps discovered:
D:1:      dpeg_arrival_round_b, layout_basic, minmay_door_square
D:2:      layout_loops_ring, shapermc_ecumenical_altar_mp_urbaneastern,
          nicolae_elevator_lobby_plus, uniq_robin
D:3:      layout_rooms, wad_woods_river_04
D:4:      layout_basic, uniq_grinder

Skill      XL: |  1  2  3  4 |
---------------+-------------+-----
Earth Magic    | 2 |  2.3
Invocations    | 1 |  1.6
Fighting       | 1 |  1.4
Short Blades   | 1 |  1.4
Long Blades    | 1 |  1.4
Axes           | 1 |  1.4
Polearms       | 1 |  1.4
Staves         | 1 |  1.4
Slings         | 1 |  1.4
Bows           | 1 |  1.4
Crossbows      | 1 |  1.4
Dodging        | 1 |  1.4
Stealth        | 1 |  1.4
Shields        | 1 |  1.4
Unarmed Combat | 1 |  1.4
Spellcasting   | 3 |  3.1
Conjurations   | 1 |  1.1
Hexes          | 1 |  1.1
Summonings     | 1 |  1.1
Necromancy     | 1 |  1.1
Translocations | 1 |  1.1
Transmutations | 1 |  1.1
Fire Magic     | 1 |  1.1
Ice Magic      | 1 |  1.1
Air Magic      | 1 |  1.1
Poison Magic   | 1 |  1.1
Maces & Flails | |  8.6
Throwing       | |  2.9
Armour         | |  2.9
Evocations     | |  4.7

Action                   |  1- 3 |  4- 6 || total
-------------------------+-------+-------++-------
Melee: Mace              |   104 |   164 ||   268
       Bite              |     9 |    12 ||    21
       Punch             |     1 |     3 ||     4
Armor: Robe              |     9 |       ||     9
       Plate armour      |   101 |   108 ||   209
Dodge: Dodged            |    36 |    24 ||    60
